 Dungeon Crawl Stone Soup version 0.31-a0-237-g2d982f9f85 (webtiles) character file.

Game seed: 10401856031858555142

764 Nattfarinn the Magician (level 8, -7/52 HPs)
             Began as a Djinni Venom Mage on July 11, 2023.
             Was a Follower of Ashenzari.
             Mangled by a wight
             ... wielding a +0 battleaxe
              (12 damage)
             ... on level 4 of the Dungeon.
             The game lasted 00:08:23 (3328 turns).

Nattfarinn the Magician (Djinni Venom Mage)         Turns: 3328, Time: 00:08:24

Health: -7/52      AC:  3    Str:  7    XL:     8   Next: 8%
Gold:   150        EV: 11    Int: 16    God:    Ashenzari [*.....] SH:  0 Dex: 15

rFire   + + .        i - +2 sling (flame)
rCold   . . .        (no shield)
rNeg    + . .        n - +0 leather armour of Dogma {rC+ Regen+ Int-2}
rPois   ∞            (no helmet)
rElec   .            (no cloak)
rCorr   .            (no gloves)
SInv    .            (boots unavailable)
Will    .....        c - amulet "Tethered Discomfort" {Faith, Comp, Alch} (curse)
Stlth   ++           d - ring "Vision of Ashenzari" {rN+, Elem, Evo} (curse)
HPRegen 1.08/turn    (no ring)
MPRegen 0.00/turn

%: faith, infuse magic (-8 HP)
@: flying, hasted, very quick
A: sickness immunity, fire resistance 2, cold vulnerability 1, float, innate
caster, HP casting, extra vitality 1
a: Renounce Religion, Shatter the Chains


You were on level 4 of the Dungeon.
You worshipped Ashenzari.
Ashenzari was aware of your devotion.
You visited 1 branch of the dungeon, and saw 4 of its levels.

You collected 150 gold pieces.

Inventory:

Hand Weapons
 f - a +0 trident
 g - a +1 falchion of draining
 i - a +2 sling of flaming (weapon)
 r - a +2 scythe of venom
Armour
 a - a +0 robe
 n - the +0 leather armour of Dogma (worn) {rC+ Regen+ Int-2}
   (You found it on level 3 of the Dungeon)

   Int:       It affects your intelligence (-2).
   rC:        It protects you from cold.
   Regen:     It increases your rate of health regeneration.
Jewellery
 c - the cursed amulet "Tethered Discomfort" (around neck) {Faith, Comp, Alch}
   (You found it on level 1 of the Dungeon)

   [amulet of faith]

   It allows you to gain divine favour quickly.
   It has a curse which improves the following skills: Companions: Summonings
   and Necromancy.
   Alchemy:   Poison Magic and Transmutations.
 d - the cursed ring "Vision of Ashenzari" (left hand) {rN+, Elem, Evo}
   (You found it on level 1 of the Dungeon)

   [ring of positive energy]

   rN:        It protects you from negative energy.
   It has a curse which improves the following skills: Elements: Fire Magic, Ice
   Magic, Air Magic and Earth Magic.
   Evocations: Evocations.
Scrolls
 b - a scroll of enchant armour
 j - a scroll of immolation
 s - a scroll of fear
Potions
 e - a potion of might
 h - a potion of attraction
 k - a potion of brilliance
 l - 2 potions of mutation
 q - a potion of ambrosia


   Skills:
 + Level 1.2 Fighting
 * Level 1.5 Ranged Weapons
 - Level 2.1 Dodging
 - Level 1.5 Stealth
 - Level 6.6 Spellcasting
 - Level 6.6 Conjurations
 - Level 6.6 Hexes
 - Level 6.6(7.4) Summonings
 - Level 6.6(7.4) Necromancy
 - Level 6.6 Translocations
 - Level 6.6(7.4) Transmutations
 - Level 6.6(7.4) Fire Magic
 - Level 6.6(7.4) Ice Magic
 - Level 6.6(7.4) Air Magic
 - Level 6.6(7.4) Earth Magic
 - Level 6.6(7.4) Poison Magic


You knew the following spells:

 Your Spells              Type           Power      Damage    Failure   Level
a - Sting                 Tmut/Pois      100%       1d8       1%          1
b - Poisonous Vapours     Pois/Air       58%        N/A       1%          2
c - Mephitic Cloud        Conj/Pois/Air  28%        N/A       3%          3
d - Olgreb's Toxic Radia  Pois           29%        N/A       9%          4
e - Beastly Appendage     Tmut           58%        N/A       1%          1
f - Lesser Beckoning      Tloc           52%        N/A       1%          2
g - Ignite Poison         Fire/Tmut/Pois 29%        N/A       2%          3
Your spell library was empty.

Dungeon Overview and Level Annotations

Branches:
Dungeon (4/15)
 Temple: D:4-7

Altars:
Ashenzari
Nemelex Xobeh
Okawaru

Shops:
D:1 !


Innate Abilities, Weirdness & Mutations

You are immune to sickness and miasma.
You are immune to poison.
Your flesh is very heat resistant. (rF++)
You are vulnerable to cold. (rC-)
You float through the air rather than walking.
You learn spells naturally, not from books.
Your magical power is your life essence.
You have superior vitality. (+4 MHP)


Message History

The sling bullet barely misses the wight.
The wight hits you with a +0 battleaxe!
You shoot a sling bullet.
The sling bullet barely misses the wight.
The sling bullet hits the wight.
The sling bullet burns the wight.
The wight is almost destroyed.
The wight closely misses you. x2
You shoot a sling bullet. The sling bullet hits the wight.
The sling bullet burns the wight.
The wight is severely damaged.
The wight closely misses you.
You shoot a sling bullet.
The sling bullet closely misses the wight.
The sling bullet hits the wight.
The sling bullet burns the wight.
You destroy the wight!
The wight hits you with a +0 battleaxe!
Your Fighting skill increases to level 1!
You are too injured to fight recklessly!
You are too injured to fight recklessly!
You are too injured to fight recklessly!
You shoot a sling bullet.
The sling bullet closely misses the wight.
The wight closely misses you. The wight hits you with a +0 battleaxe!
* * * LOW HITPOINT WARNING * * *
You shoot a sling bullet. The sling bullet hits the wight.
The sling bullet burns the wight.
The wight is almost destroyed.
The wight barely misses you.
You shoot a sling bullet.
The sling bullet hits the wight but does no damage.
The wight is almost destroyed.
The wight hits you with a +0 battleaxe!
* * * LOW HITPOINT WARNING * * *
You feel much better.
The wight hits you with a +0 battleaxe!!
* * * LOW HITPOINT WARNING * * *
Okay, then.
Okay, then.
You feel yourself speed up. The wight hits you with a +0 battleaxe!
You die...

#....# #...####......
#....####.#..z.z.z......
..........#...####......
#.###+#######.# ..####
#..........##.#####......
...........'............
#†.........########.....
#..........# #####.####
#..........####.@z)...#
#............##.###.#.#
#............##.# #
#.###+###....##.# #.....#
#....##.#
###############.#
.......#......#.#
..####.#.####.#.#
.....#.#.# #.#'##


You could see a wight.

Vanquished Creatures
  Sigmund (D:3)
  An ogre (D:4)
  A phantom (D:4)
  A scorpion (D:4)
  2 wights (D:4)
  An orc priest (D:4)
  A hound (D:4)
  Jessica (D:3)
  An iguana (D:3)
  2 orc wizards
  3 adders (D:4)
  4 gnolls (D:2)
  A worm (D:2)
  9 orcs
  5 ball pythons
  7 bats
  7 endoplasms
  4 giant cockroaches
  7 hobgoblins
  A quokka (D:2)
  A frilled lizard (D:2)
  5 goblins
66 creatures vanquished.

Notes
Turn   | Place    | Note
-------+----------+-------------------------------------------
     0 | D:1      | Nattfarinn the Djinni Venom Mage began the quest for the
                  | Orb.
     0 | D:1      | Nattfarinn set off with the following spells memorised:
                  | Sting, Poisonous Vapours, Mephitic Cloud, Olgreb's Toxic
                  | Radiance.
     0 | D:1      | Reached XP level 1. HP: 15/15 MP: 0/0
   251 | D:1      | Reached XP level 2. HP: 19/21 MP: 0/0
   502 | D:1      | Found Cenub's Distillery.
   669 | D:1      | Found a faded altar of an unknown god.
   957 | D:2      | Reached XP level 3. HP: 7/25 MP: 0/0
   957 | D:2      | Learned a level 1 spell: Beastly Appendage
  1167 | D:2      | Found a broken altar of Ashenzari.
  1177 | D:2      | Became a worshipper of Ashenzari the Shackled
  1535 | D:2      | Reached XP level 4. HP: 30/31 MP: 0/0
  2024 | D:3      | Identified the +0 leather armour of Dogma {rC+ Regen+
                  | Int-2}
  2044 | D:3      | Found an iron altar of Okawaru.
  2177 | D:3      | Noticed Jessica
  2179 | D:3      | Killed Jessica
  2180 | D:3      | Reached XP level 5. HP: 29/35 MP: 0/0
  2180 | D:3      | Learned a level 2 spell: Lesser Beckoning
  2371 | D:3      | Found a sparkling altar of Nemelex Xobeh.
  2541 | D:3      | Noticed Sigmund
  2549 | D:3      | Killed Sigmund
  2550 | D:3      | Reached skill level 5 in Spellcasting
  2550 | D:3      | Reached skill level 5 in Conjurations
  2550 | D:3      | Reached skill level 5 in Hexes
  2550 | D:3      | Reached skill level 5 in Summonings
  2550 | D:3      | Reached skill level 5 in Necromancy
  2550 | D:3      | Reached skill level 5 in Translocations
  2550 | D:3      | Reached skill level 5 in Transmutations
  2550 | D:3      | Reached skill level 5 in Fire Magic
  2550 | D:3      | Reached skill level 5 in Ice Magic
  2550 | D:3      | Reached skill level 5 in Air Magic
  2550 | D:3      | Reached skill level 5 in Earth Magic
  2550 | D:3      | Reached skill level 5 in Poison Magic
  2550 | D:3      | Reached XP level 6. HP: 29/40 MP: 0/0
  2600 | D:3      | Reached * piety under Ashenzari
  2885 | D:4      | Reached XP level 7. HP: 15/45 MP: 0/0
  2885 | D:4      | Learned a level 3 spell: Ignite Poison
  3313 | D:4      | Reached skill level 1 in Ranged Weapons
  3316 | D:4      | Reached XP level 8. HP: 33/51 MP: 0/0
  3324 | D:4      | Reached skill level 1 in Fighting
  3328 | D:4      | Mangled by a wight

Illustrated notes

Levels and vault maps discovered:
D:1:      matt_arrival_diagonals, layout_basic, basic_ecumenical_altar,
          serial_shops, shop, minmay_misc_feat_alley
D:2:      layout_loops_cross, basic_altar
D:3:      layout_loops_ring, general_overflow_altar,
          hellmonk_okawaru_the_only_friend_you_need, kennysheep_generic_room_11,
          uniq_sigmund, uniq_jessica
D:4:      minmay_chambers_of_fours, layout_basic,
          chequers_temple_overflow_statue_of_worship, nicolae_wooded_promenade

Skill      XL: |  1  2  3  4  5  6  7  8 |
---------------+-------------------------+-----
Spellcasting   | 4 5 6 |  6.6
Conjurations   | 4 5 6 |  6.6
Hexes          | 4 5 6 |  6.6
Summonings     | 4 5 6 |  6.6
Necromancy     | 4 5 6 |  6.6
Translocations | 4 5 6 |  6.6
Transmutations | 4 5 6 |  6.6
Fire Magic     | 4 5 6 |  6.6
Ice Magic      | 4 5 6 |  6.6
Air Magic      | 4 5 6 |  6.6
Earth Magic    | 4 5 6 |  6.6
Poison Magic   | 4 5 6 |  6.6
Ranged Weapons | 1 |  1.5
Fighting       | 1 |  1.2
Dodging        | |  2.1
Stealth        | |  1.5

Action                     |  1- 3 |  4- 6 |  7- 9 || total
---------------------------+-------+-------+-------++-------
  Melee: Unarmed           |     2 |       |       ||     2
         Falchion          |     3 |       |       ||     3
         Trident           |     1 |       |       ||     1
   Fire: Sling             |    13 |    66 |    64 ||   143
   Cast: Sting             |    40 |     6 |       ||    46
         Mephitic Cloud    |     1 |     2 |       ||     3
         Olgreb's Toxic Ra |       |     4 |     3 ||     7
         Poisonous Vapours |       |     3 |       ||     3
         Ignite Poison     |       |       |     2 ||     2
 Invoke: Curse Item        |       |     2 |       ||     2
    Use: Scroll            |       |       |     1 ||     1
         Potion            |       |       |     2 ||     2
 Armour: Robe              |     3 |       |       ||     3
         Leather armour    |       |    10 |     6 ||    16
  Dodge: Dodged            |    16 |    21 |    38 ||    75

Table legend: (Time is in decaauts)
 A = Elapsed time spent in this place.
 B = Non-inter-level travel time spent in this place.
 C = Inter-level travel time spent in this place.
 D = Time resting spent in this place.
 E = Time spent auto-exploring this place.
 F = Levels seen in this place.
 G = Mean time per level.
                   A        B        C        D        E       F      G
               +--------+--------+--------+--------+--------+-----+--------+
         Total |   3392 |   3090 |    302 |    117 |   2384 |   4 |  848.0 |
       Dungeon |   3392 |   3090 |    302 |    117 |   2384 |   4 |  848.0 |
               +--------+--------+--------+--------+--------+-----+--------+

Top non-repeatable levels by time:
     D:3: 1039 daAuts
     D:1: 962 daAuts
     D:2: 874 daAuts
     D:4: 515 daAuts
